% Time on Ice - BOISE CARIBOUS
Lines # - Real PCT - Wanted PCT - Time Play
Normal Forward
1 - 34% - 36% - 19:51
2 - 32% - 31% - 18:23
3 - 23% - 23% - 13:11
4 - 11% - 10% - 6:26
Normal Defense
1 - 37% - 37% - 21:28
2 - 34% - 36% - 19:45
3 - 26% - 27% - 15:18
4 - 2% - 0% - 1:20
PP Forward
1 - 60% - 55% - 1:11
2 - 40% - 45% - 0:48
PP Defense
1 - 60% - 55% - 1:11
2 - 40% - 45% - 0:48
PK Forward
1 - 100% - 55% - 0:10
2 - 0% - 45% - 0:00
PK Defense
1 - 100% - 55% - 0:10
2 - 0% - 45% - 0:00
PK3 Forward
1 - 0% - 55%
2 - 0% - 45%
PK3 Defense
1 - 0% - 55%
2 - 0% - 45%
44 Forward
1 - 0% - 55%
2 - 0% - 45%
44 Defense
1 - 0% - 55%
2 - 0% - 45%
Last Minute Offensive  - 0:00
Last Minute Defensive  - 0:00
Total
Forward - 60:00
Defense - 60:00
% Time on Ice - NORTH DAKOTA HAWKS
Lines # - Real PCT - Wanted PCT - Time Play
Normal Forward
1 - 30% - 30% - 17:09
2 - 28% - 29% - 16:26
3 - 27% - 28% - 15:51
4 - 15% - 13% - 8:25
Normal Defense
1 - 37% - 37% - 21:11
2 - 33% - 33% - 19:21
3 - 20% - 20% - 11:36
4 - 10% - 10% - 5:43
PP Forward
1 - 100% - 55% - 0:10
2 - 0% - 45% - 0:00
PP Defense
1 - 100% - 55% - 0:10
2 - 0% - 45% - 0:00
PK Forward
1 - 100% - 70% - 1:59
2 - 0% - 30% - 0:00
PK Defense
1 - 51% - 70% - 1:01
2 - 49% - 30% - 0:58
PK3 Forward
1 - 0% - 70%
2 - 0% - 30%
PK3 Defense
1 - 0% - 70%
2 - 0% - 30%
44 Forward
1 - 0% - 55%
2 - 0% - 45%
44 Defense
1 - 0% - 55%
2 - 0% - 45%
Last Minute Offensive  - 0:00
Last Minute Defensive  - 0:00
Total
Forward - 60:00
Defense - 60:00
Play-by-Play 1st period 0:01 of 1st period - Nazem Kadri wins face-off versus Tim Stutzle in neutral zone. 0:08 of 1st period - Shot by Patrick Kane. 0:08 of 1st period - Stopped by Ilya Sorokin with a rebound. 0:57 of 1st period - Off-side. 0:58 of 1st period - Charlie Coyle wins face-off versus Nick Suzuki in neutral zone. 1:01 of 1st period - Shot by Artturi Lehkonen. 1:01 of 1st period - Stopped by Carter Hart without a rebound. 1:02 of 1st period - Charlie Coyle wins face-off versus Nick Suzuki in NORTH DAKOTA HAWKS zone. 1:50 of 1st period - Off-side. 1:51 of 1st period - Jack Hughes wins face-off versus Lawson Crouse in neutral zone. 2:01 of 1st period - Jordan Kyrou is hit by Dylan DeMelo and loses puck. 2:09 of 1st period - Alex Killorn is hit by Dylan DeMelo and loses puck. 2:13 of 1st period - Icing by Dylan DeMelo. 2:14 of 1st period - Jean-Gabriel Pageau wins face-off versus Nic Dowd in BOISE CARIBOUS zone. 2:14 of 1st period - Jean-Gabriel Pageau is hit by Nic Dowd. 2:48 of 1st period - Off-side. 2:49 of 1st period - Jesperi Kotkaniemi wins face-off versus Jack Hughes in neutral zone. 3:20 of 1st period - Shot by Alex Killorn. 3:20 of 1st period - Goal by Alex Killorn - BOISE CARIBOUS : 0 - NORTH DAKOTA HAWKS : 1. 3:21 of 1st period - Jason Robertson wins face-off versus Tim Stutzle in neutral zone. 3:31 of 1st period - Shot by Nazem Kadri. 3:31 of 1st period - Stopped by Ilya Sorokin without a rebound. 3:32 of 1st period - Charlie Coyle wins face-off versus Reyley Smith in BOISE CARIBOUS zone. 4:20 of 1st period - Off-side. 4:21 of 1st period - Nazem Kadri wins face-off versus Tim Stutzle in neutral zone. 4:36 of 1st period - Off-side. 4:37 of 1st period - Jean-Gabriel Pageau wins face-off versus Jack Hughes in neutral zone. 4:39 of 1st period - Danton Heinen is hit by Alex Killorn and loses puck. 4:45 of 1st period - Off-side. 4:46 of 1st period - Jack Hughes wins face-off versus Tim Stutzle in neutral zone. 4:55 of 1st period - Shot by Alex Killorn. 4:55 of 1st period - Goal by Alex Killorn - BOISE CARIBOUS : 0 - NORTH DAKOTA HAWKS : 2. 4:56 of 1st period - Jean-Gabriel Pageau wins face-off versus Nazem Kadri in neutral zone. 5:23 of 1st period - Shot by Jason Robertson. 5:23 of 1st period - Stopped by Ilya Sorokin without a rebound. 5:24 of 1st period - Tim Stutzle wins face-off versus Jack Hughes in BOISE CARIBOUS zone. 6:02 of 1st period - Shot by Jordan Kyrou. 6:02 of 1st period - Shot Misses the Net. 6:34 of 1st period - Shot by Frank Vatrano. 6:34 of 1st period - Stopped by Ilya Sorokin without a rebound. 6:35 of 1st period - Nazem Kadri wins face-off versus Jesperi Kotkaniemi in BOISE CARIBOUS zone. 6:35 of 1st period - Minor Penalty to Dylan DeMelo for Goalie Interference. 6:36 of 1st period - Nazem Kadri wins face-off versus Jesperi Kotkaniemi in BOISE CARIBOUS zone. 6:41 of 1st period - Shot by Nazem Kadri. 6:41 of 1st period - Shot Misses the Net. 6:43 of 1st period - Shot by Nazem Kadri. 6:43 of 1st period - Shot Blocked by Rasmus Andersson. 6:45 of 1st period - Shot by Jason Robertson. 6:45 of 1st period - Goal by Jason Robertson - BOISE CARIBOUS : 0 - NORTH DAKOTA HAWKS : 3. 6:46 of 1st period - Charlie Coyle wins face-off versus Nazem Kadri in neutral zone. 7:23 of 1st period - Shot by Artturi Lehkonen. 7:23 of 1st period - Stopped by Carter Hart without a rebound. 7:24 of 1st period - Nick Suzuki wins face-off versus Jesperi Kotkaniemi in NORTH DAKOTA HAWKS zone. 7:39 of 1st period - Shot by Jake DeBrusk. 7:39 of 1st period - Stopped by Ilya Sorokin with a rebound. 7:41 of 1st period - Shot by Jake DeBrusk. 7:41 of 1st period - Shot Misses the Net. 7:43 of 1st period - Shot by Nick Suzuki. 7:43 of 1st period - Goal by Nick Suzuki - BOISE CARIBOUS : 0 - NORTH DAKOTA HAWKS : 4. 7:43 of 1st period - Antti Raanta enters game. 7:44 of 1st period - Nic Dowd wins face-off versus Tim Stutzle in neutral zone. 8:13 of 1st period - Icing by Frank Vatrano. 8:14 of 1st period - Jean-Gabriel Pageau wins face-off versus Nic Dowd in NORTH DAKOTA HAWKS zone. 8:26 of 1st period - Icing by Nic Dowd. 8:27 of 1st period - Nic Dowd wins face-off versus Artturi Lehkonen in NORTH DAKOTA HAWKS zone. 8:34 of 1st period - Shot by Nick Schmaltz. 8:34 of 1st period - Stopped by Carter Hart with a rebound. 8:42 of 1st period - Shot by Artturi Lehkonen. 8:42 of 1st period - Stopped by Carter Hart without a rebound. 8:43 of 1st period - Nick Suzuki wins face-off versus Jean-Gabriel Pageau in NORTH DAKOTA HAWKS zone. 9:25 of 1st period - Shot by Jean-Gabriel Pageau. 9:25 of 1st period - Stopped by Carter Hart without a rebound. 9:26 of 1st period - Tim Stutzle wins face-off versus Nazem Kadri in NORTH DAKOTA HAWKS zone. 9:26 of 1st period - Tim Stutzle is hit by Erik Johnson. 9:52 of 1st period - Shot by Andre Burakovsky. 9:52 of 1st period - Shot Blocked by Quinton Hughes. 10:36 of 1st period - Shot by Artturi Lehkonen. 10:36 of 1st period - Stopped by Carter Hart without a rebound. 10:37 of 1st period - Nick Suzuki wins face-off versus Jesperi Kotkaniemi in NORTH DAKOTA HAWKS zone. 10:37 of 1st period - Nick Suzuki is hit by Stefan Noesen. 10:48 of 1st period - Nick Suzuki is hit by Stefan Noesen and loses puck. 11:03 of 1st period - Shot by Jake DeBrusk. 11:03 of 1st period - Shot Blocked by Rasmus Dahlin. 11:21 of 1st period - Shot by Reyley Smith. 11:21 of 1st period - Shot Blocked by Rasmus Dahlin. 11:36 of 1st period - Icing by Ryan Lindgren. 11:37 of 1st period - Charlie Coyle wins face-off versus Jack Hughes in NORTH DAKOTA HAWKS zone. 11:52 of 1st period - Shot by Charlie Coyle. 11:52 of 1st period - Shot Misses the Net. 12:08 of 1st period - Shot by Alex Killorn. 12:08 of 1st period - Shot Blocked by Artturi Lehkonen. 12:23 of 1st period - Shot by Alex Killorn. 12:23 of 1st period - Stopped by Antti Raanta without a rebound. 12:24 of 1st period - Tim Stutzle wins face-off versus Nazem Kadri in BOISE CARIBOUS zone. 12:33 of 1st period - Shot by Zach Parise. 12:33 of 1st period - Shot Misses the Net. 12:43 of 1st period - Shot by Patrick Kane. 12:43 of 1st period - Shot Misses the Net. 13:41 of 1st period - Shot by Nick Suzuki. 13:41 of 1st period - Stopped by Antti Raanta with a rebound. 13:54 of 1st period - Shot by Jake DeBrusk. 13:54 of 1st period - Stopped by Antti Raanta without a rebound. 13:55 of 1st period - Lawson Crouse wins face-off versus Jack Hughes in BOISE CARIBOUS zone. 14:00 of 1st period - Shot by Jean-Gabriel Pageau. 14:00 of 1st period - Stopped by Carter Hart with a rebound. 14:30 of 1st period - Jean-Gabriel Pageau is hit by Mathew Dumba. 14:36 of 1st period - Shot by Jean-Gabriel Pageau. 14:36 of 1st period - Stopped by Carter Hart with a rebound. 15:42 of 1st period - Shot by Artturi Lehkonen. 15:42 of 1st period - Shot Misses the Net. 15:44 of 1st period - Shot by Rasmus Andersson. 15:44 of 1st period - Shot Misses the Net. 16:08 of 1st period - Shot by Michael Raffl. 16:08 of 1st period - Stopped by Carter Hart with a rebound. 16:36 of 1st period - Off-side. 16:37 of 1st period - Tim Stutzle wins face-off versus Nick Suzuki in neutral zone. 16:42 of 1st period - Shot by Andre Burakovsky. 16:42 of 1st period - Shot Misses the Net. 17:04 of 1st period - Shot by Nick Suzuki. 17:04 of 1st period - Shot Misses the Net. 17:14 of 1st period - Shot by Reyley Smith. 17:14 of 1st period - Stopped by Antti Raanta without a rebound. 17:15 of 1st period - Charlie Coyle wins face-off versus Dillon Dube in BOISE CARIBOUS zone. 18:02 of 1st period - Icing by Mathew Dumba. 18:03 of 1st period - Jean-Gabriel Pageau wins face-off versus Nic Dowd in NORTH DAKOTA HAWKS zone. 18:04 of 1st period - Shot by Lawson Crouse. 18:04 of 1st period - Stopped by Carter Hart without a rebound. 18:05 of 1st period - Jean-Gabriel Pageau wins face-off versus Alex Killorn in NORTH DAKOTA HAWKS zone. 18:10 of 1st period - Shot by Danton Heinen. 18:10 of 1st period - Stopped by Carter Hart without a rebound. 18:11 of 1st period - Jack Hughes wins face-off versus Jean-Gabriel Pageau in NORTH DAKOTA HAWKS zone. 18:15 of 1st period - Jack Hughes is hit by Rasmus Andersson and loses puck. 18:24 of 1st period - Icing by Erik Johnson. 18:25 of 1st period - Jack Hughes wins face-off versus Tim Stutzle in NORTH DAKOTA HAWKS zone. 18:25 of 1st period - Jack Hughes is hit by Tim Stutzle. 18:35 of 1st period - Shot by Jordan Kyrou. 18:35 of 1st period - Stopped by Antti Raanta without a rebound. 18:36 of 1st period - Nick Suzuki wins face-off versus Danton Heinen in BOISE CARIBOUS zone. 18:40 of 1st period - Nick Suzuki is hit by Rasmus Dahlin and loses puck. 19:12 of 1st period - Shot by Jean-Gabriel Pageau. 19:12 of 1st period - Stopped by Carter Hart without a rebound. 19:13 of 1st period - Tim Stutzle wins face-off versus Jack Hughes in NORTH DAKOTA HAWKS zone. 19:59 of 1st period - Erik Johnson is hit by Tim Stutzle and loses puck. Goals for this period are 0 for BOISE CARIBOUS vs 4 for NORTH DAKOTA HAWKS. Shots for this period are 12 for BOISE CARIBOUS vs 14 for NORTH DAKOTA HAWKS. 2nd period 0:01 of 2nd period - Charlie Coyle wins face-off versus Nick Suzuki in neutral zone. 0:01 of 2nd period - Nick Schmaltz is hit by Reyley Smith and loses puck. 0:15 of 2nd period - Shot by Rasmus Andersson. 0:15 of 2nd period - Stopped by Carter Hart without a rebound. 0:16 of 2nd period - Nic Dowd wins face-off versus Tim Stutzle in NORTH DAKOTA HAWKS zone. 0:24 of 2nd period - Off-side. 0:25 of 2nd period - Nazem Kadri wins face-off versus Charlie Coyle in neutral zone. 1:20 of 2nd period - Off-side. 1:21 of 2nd period - Jack Hughes wins face-off versus Tim Stutzle in neutral zone. 1:36 of 2nd period - Shot by Alex Killorn. 1:36 of 2nd period - Goal by Alex Killorn - BOISE CARIBOUS : 0